 Dungeon Crawl Stone Soup version 0.31.0-1-g2c135a008e (webtiles) character file.

Game seed: 10665106529692304923

38 qw the Shooter (level 3, -3/29 HPs)
             Began as a Djinni Hunter on Jan 23, 2024.
             Slain by Sigmund
             ... wielding a +0 scythe of venom
              (10 damage)
             ... on level 2 of the Dungeon.
             The game lasted 00:00:03 (1001 turns).

qw the Shooter (Djinni Hunter)                      Turns: 1001, Time: 00:00:03

Health: -3/29      AC:  3    Str: 10    XL:     3   Next: 65%
Gold:   124        EV: 12    Int: 10    God:
                   SH:  0    Dex: 18

rFire   + + .        a - +0 shortbow
rCold   x . .        (shield currently unavailable)
rNeg    . . .        c - +0 leather armour
rPois   inf          (no helmet)
rElec   .            (no cloak)
rCorr   .            (no gloves)
SInv    .            (boots unavailable)
Will    .....        (no amulet)
Stlth   +            (no ring)
HPRegen 0.24/turn    (no ring)
MPRegen 0.00/turn

%: infuse magic (-4 HP)
@: confused, flying
A: sickness immunity, fire resistance 2, cold vulnerability 1, float, innate
caster, HP casting, extra vitality 1
a: no special abilities


You were on level 2 of the Dungeon.
You visited 1 branch of the dungeon, and saw 2 of its levels.

You collected 124 gold pieces.


Innate Abilities, Weirdness & Mutations

You are immune to sickness and miasma.
You are immune to poison.
Your flesh is very heat resistant. (rF++)
You are vulnerable to cold. (rC-)
You float through the air rather than walking.
You learn spells naturally, not from books.
Your magical power is your life essence.
You have superior vitality. (+4 MHP)


   Skills:
 + Level 2.6 Fighting
 - Level 4.0 Ranged Weapons
 - Level 2.1 Dodging
 - Level 0.7 Stealth


You knew the following spells:

 Your Spells              Type           Power      Damage    Failure   Level
a - Sting                 Conj/Alch      0%         1d3       45%         1
Your spell library was empty.

Inventory:

Hand Weapons
 a - a +0 shortbow (weapon)
Armour
 c - a +0 leather armour (worn)
Scrolls
 b - a scroll of acquirement {unknown}
 d - a scroll of revelation {unknown}
 e - a scroll of fog {unknown}
Potions
 f - a potion of curing

Dungeon Overview and Level Annotations

Branches:
Dungeon (2/15)

Altars:

Annotations:
D:2 Sigmund


Message History

Sigmund the Dreaded comes into view.
He is wielding a +0 scythe of venom and wearing a +2 robe of willpower.
Sigmund shouts!
You shoot an arrow. The arrow hits Sigmund.
Sigmund is lightly wounded.
You shoot an arrow. The arrow hits Sigmund.
Sigmund is moderately wounded.
Sigmund gestures at you while chanting.
You are confused.
990 ||| DRINKING 2 potions of curing.
You feel better.
990 ||| (to cure confusion)
You shoot an arrow. The arrow barely misses Sigmund.
Sigmund gestures wildly while chanting.
Sigmund flickers and vanishes!
Deactivating autopickup; reactivate with Ctrl-A.
You shoot an arrow. You shoot an arrow.
You hear some strange, mumbled words.
A puff of flame appears from out of thin air!
The puff of flame hits you. You resist.
You shoot an arrow. Something hits you.
You shoot an arrow. Something hits you.
You shoot an arrow. Something hits you.
You shoot an arrow. You shoot an arrow. Something hits you!
You shoot an arrow.
You hear some strange, mumbled words.
A puff of flame appears from out of thin air!
The puff of flame hits you. You resist.
You shoot an arrow.
You hear some strange, mumbled words.
Something tries to affect you, but you resist.
You hear some strange, mumbled words.
You are confused.
You shoot an arrow. Something hits you!
You die...

.#..#............#
##.#.#.###.###
.................#
#.#.#.#
......#######.#..#
#.#.#.# .#+##.# #.#..#
#.#.... ......### #.#..#
#.#.#.# ........# #.#..#
#.#.#.# ......### #.#..#
#.#.#.#
...#.########.#..####.#.
...#.#..........@.{.....
...#.#.######.##.####...
...............#.#
...#.#.######..#.#
...#.#.# #..#.# .. #.#.#
#..#.# .. ..... ...).#
.. #.#.# .....# .. ....[


There were no monsters in sight!

Vanquished Creatures
  An adder (D:2)
  2 dart slugs (D:1)
  6 endoplasms (D:1)
  2 giant cockroaches
  3 goblins
  2 quokkas
  2 ball pythons
  3 bats (D:1)
  2 kobolds (D:1)
  A rat (D:1)
24 creatures vanquished.

Notes
Turn   | Place    | Note
-------+----------+-------------------------------------------
     0 | D:1      | qw the Djinni Hunter began the quest for the Orb.
     0 | D:1      | Reached XP level 1. HP: 18/18 MP: 0/0
     0 | D:1      | 0 ||| qw: Version: 0.3-a-136-gdd3b4e8
     0 | D:1      | 0 ||| qw: Game counter: 1021
     0 | D:1      | 0 ||| qw: Melee chars always use a shield: true
     0 | D:1      | 0 ||| qw: God list: Okawaru
     0 | D:1      | 0 ||| qw: Allow faded altars: false
     0 | D:1      | 0 ||| qw: Do Orc after clearing Dungeon:15 true
     0 | D:1      | 0 ||| qw: Do second Lair branch before Depths: true
     0 | D:1      | 0 ||| qw: Lair rune preference: random
     0 | D:1      | 0 ||| qw: Goals: Normal
     0 | D:1      | 0 ||| PLANNING D:1-11
    76 | D:1      | Reached XP level 2. HP: 22/23 MP: 0/0
   505 | D:1      | Reached skill level 4 in Ranged Weapons
   505 | D:1      | Reached XP level 3. HP: 28/28 MP: 0/0
   505 | D:1      | Learned a level 1 spell: Sting
   657 | D:1      | 657 ||| READING scroll labelled ASYMUA IRE PURGH.
   658 | D:1      | 658 ||| READING scroll labelled KYCALU MOSIRIS.
   658 | D:1      | 658 ||| IDENTIFYING fuming black potion
   659 | D:1      | 659 ||| DRINKING 2 fuming sapphire potions.
   660 | D:1      | 660 ||| DROPPING scroll of butterflies.
   661 | D:1      | 661 ||| DROPPING potion of lignification.
   987 | D:2      | Noticed Sigmund
   990 | D:2      | 990 ||| DRINKING 2 potions of curing.
   990 | D:2      | 990 ||| (to cure confusion)
   999 | D:2      | HP: 6/29 [something/puff of flame (2)]
  1001 | D:2      | Slain by Sigmund

Levels and vault maps discovered:
D:1:      arrival_zaba_pyramid, layout_basic
D:2:      layout_basic, basic_altar, uniq_sigmund

Skill      XL: |  1  2 |
---------------+-------+-----
Ranged Weapons | 4 |  4.0
Fighting       | |  2.6
Dodging        | |  2.1
Stealth        | |  0.7

Action                     || total
---------------------------++-------
   Fire: Shortbow          ||    65
    Use: Scroll            ||     2
         Potion            ||     2
 Armour: Leather armour    ||    12
  Dodge: Dodged            ||     6

Table legend:
 A = Non-vault XP
 B = Vault XP
 C = Vault XP percentage of total XP
 D = Non-vault monster count
 E = Vault monster count
 F = Vault count percentage of total count
                 A         B        C        D         E       F
            +---------+---------+-------+---------+---------+-------
      Total |      55 |       0 |   0.0 |      24 |       0 |   0.0
            +---------+---------+-------+---------+---------+-------
        D:1 |      36 |       0 |   0.0 |      19 |       0 |   0.0
        D:2 |      19 |       0 |   0.0 |       5 |       0 |   0.0
            +---------+---------+-------+---------+---------+-------
